 Dungeon Crawl Stone Soup version 0.27-a0-909-g0721f309d1 (webtiles) character file.

Game seed: 16646242096164966021

37 dmks the Skirmisher (level 3, -2/35 HPs)
             Began as a Gnoll Wanderer on Apr 8, 2021.
             Was a Follower of Okawaru.
             Killed from afar by Terence (8 damage)
             ... with a puff of flame
             ... on level 1 of the Dungeon.
             The game lasted 00:07:27 (2408 turns).

dmks the Skirmisher (Gnoll Wanderer)                Turns: 2408, Time: 00:07:28

Health: -2/35      AC:  3    Str:  9    XL:     3   Next: 41%
Magic:  0/4        EV: 14    Int: 13    God:    Okawaru [*.....]
Gold:   43         SH:  0    Dex: 12    Spells: 3/3 levels left

rFire    . . .     SeeInvis .   e - +0 whip
rCold    . . .     Faith    .   (no shield)
rNeg     . . .     Spirit   .   m - +0 leather armour
rPois    .         Reflect  .   (no helmet)
rElec    .         Harm     .   (no cloak)
rCorr    .         Rampage  .   (no gloves)
Will     +....                  (no boots)
Stlth    +++.......             (no amulet)
HPRegen  0.11/turn              j - ring of flight
MPRegen  0.09/turn              b - ring of willpower

@: heroic, flying
A: fangs 1, strong nose, distributed training
a: Renounce Religion, Heroism


You were on level 1 of the Dungeon.
You worshipped Okawaru.
Okawaru was aware of your devotion.
You visited 1 branch of the dungeon, and saw 2 of its levels.

You collected 43 gold pieces.

Inventory:

Hand Weapons
 a - a +0 dagger
 e - a +0 whip (weapon)
   (You took it off a kobold on level 1 of the Dungeon)
Missiles
 i - 2 throwing nets (quivered) {!f}
 l - 24 stones
Armour
 d - a +0 robe
 m - a +0 leather armour (worn)
   (You found it on level 1 of the Dungeon)
Jewellery
 b - a ring of willpower (right hand)
   (You found it on level 1 of the Dungeon)
 j - a ring of flight (left hand)
   (You found it on level 1 of the Dungeon)
Scrolls
 c - 2 scrolls of teleportation {@r4}
 g - a scroll of identify {unknown}
 h - a scroll of enchant weapon {unknown}


   Skills:
 + Level 6.5(11.5) Fighting
 + Level 0.8(5.8) Short Blades
 + Level 0.8(5.8) Long Blades
 + Level 0.8(5.8) Axes
 + Level 0.8(5.8) Maces & Flails
 + Level 2.6(7.6) Polearms
 + Level 0.8(5.8) Staves
 + Level 0.8(5.8) Slings
 + Level 0.8(5.8) Bows
 + Level 0.8(5.8) Crossbows
 + Level 0.8(5.8) Throwing
 + Level 0.8(5.8) Armour
 + Level 2.6(7.6) Dodging
 + Level 0.8(5.8) Stealth
 + Level 2.6(7.6) Shields
 + Level 0.8(5.8) Unarmed Combat
 + Level 0.8 Spellcasting
 + Level 0.5 Conjurations
 + Level 0.5 Hexes
 + Level 0.5 Summonings
 + Level 0.5 Necromancy
 + Level 0.5 Translocations
 + Level 0.5 Transmutations
 + Level 0.5 Fire Magic
 + Level 0.5 Ice Magic
 + Level 0.5 Air Magic
 + Level 5.4 Earth Magic
 + Level 0.5 Poison Magic
 + Level 1.0 Invocations
 + Level 2.6 Evocations


You had 3 spell levels left.
You didn't know any spells.
Your spell library contained the following spells:

 Spells                   Type           Power      Damage    Failure   Level
 Sandblast                Erth           28%        2d8       4%          1
 Passwall                 Tmut/Erth      6%         N/A       17%         2
 Summon Small Mammal      Summ           8%         N/A       30%         1
 Stone Arrow              Conj/Erth      16%        3d8       32%         3
 Summon Guardian Golem    Hex/Summ       2%         N/A       65%         3
 Petrify                  Tmut/Erth      8%         N/A       73%         4
 Lee's Rapid Deconstruct  Erth           7%         3d7*      75%         5


Dungeon Overview and Level Annotations

Branches:
Dungeon (2/15)

Altars:
Okawaru

Annotations:
D:1 Terence
D:2 Sigmund


Innate Abilities, Weirdness & Mutations

You have very sharp teeth.
Your uncanny sense of smell can sniff out nearby items.
Your experience applies equally to all skills.


Message History

* * * LOW HITPOINT WARNING * * *
You hit Terence but do no damage. You hit Terence but do no damage.
Terence shouts, "Now you die!" Terence hits you but does no damage.
You hit Terence.
Terence says, "Don't bother to defend, it's senseless."
Terence hits you with a +0 falchion.
* * * LOW HITPOINT WARNING * * *
You barely miss Terence. Terence hits you but does no damage.
You barely miss Terence.
Terence zaps a wand.
The puff of flame hits you but does no damage.
You hit Terence but do no damage. You hit Terence but do no damage.
You feel like a meek peon again.
Terence zaps a wand.
The puff of flame hits you.
* * * LOW HITPOINT WARNING * * *
You gain the combat prowess of a mighty hero.
Terence says, "How do you enjoy it?" Terence hits you but does no damage.
You hit Terence. Terence hits you but does no damage.
You barely miss Terence. Terence hits you but does no damage.
You hit Terence but do no damage.
You feel less wooden.
Your +0 leather armour unmelds from your body.
Terence hits you but does no damage.
You hit Terence but do no damage. Terence closely misses you.
Unknown command.
You barely miss Terence. You hit Terence but do no damage.
Terence hits you but does no damage.
You barely miss Terence. Terence hits you with a +0 falchion.
* * * LOW HITPOINT WARNING * * *
You closely miss Terence. Your bite misses Terence.
Terence hits you with a +0 falchion.
* * * LOW HITPOINT WARNING * * *
It was a potion of cancellation.
You feel magically purged. Terence misses you.
You hit Terence but do no damage. Terence barely misses you.
You hit Terence. You hit Terence but do no damage.
You bite Terence, but do no damage.
You feel like a meek peon again. Terence barely misses you.
You gain the combat prowess of a mighty hero.
Terence hits you with a +0 falchion.
* * * LOW HITPOINT WARNING * * *
You hit Terence but do no damage.
Terence zaps a wand.
The puff of flame hits you!
You die...

##################
...............@@#
#########.########
....# #.# ..#.#
#.# #.#.# #.#
#.#.# #.# #.#.###
#.# #.....# #.#
....#.# #.#


You could see Terence.

Vanquished Creatures
  2 bats (D:1)
  6 endoplasms (D:1)
  2 giant cockroaches (D:1)
  A goblin (D:1)
  2 hobgoblins (D:1)
  4 jackals (D:1)
  A quokka (D:1)
  8 ball pythons (D:1)
  2 frilled lizards (D:1)
  4 kobolds (D:1)
  2 rats (D:1)
34 creatures vanquished.

Notes
Turn   | Place    | Note
-------+----------+-------------------------------------------
     0 | D:1      | dmks the Gnoll Wanderer began the quest for the Orb.
     0 | D:1      | dmks set off with the following items: a +0 dagger, a
                  | scroll of teleportation {@r4}, a +0 robe; and the following
                  | spells available to memorise: Sandblast, Passwall, Summon
                  | Small Mammal, Stone Arrow, Summon Guardian Golem, Lee's
                  | Rapid Deconstruction, Petrify
     0 | D:1      | Reached XP level 1. HP: 23/23 MP: 1/1
     6 | D:1      | Noticed a rime drake
     6 | D:1      | Noticed a killer bee
     7 | D:1      | Noticed an iguana
     7 | D:1      | Noticed a black mamba
   559 | D:1      | Reached XP level 2. HP: 21/29 MP: 2/2
  1156 | D:1      | Reached XP level 3. HP: 33/35 MP: 3/3
  1183 | D:1      | Found a faded altar of an unknown god.
  1227 | D:1      | Became a worshipper of Warmaster Okawaru
  1227 | D:1      | Reached * piety under Okawaru
  1807 | D:2      | Noticed Sigmund
  1892 | D:2      | Noticed Terence
  1897 | D:1      | Reached skill level 1 in Invocations
  2408 | D:1      | Killed from afar by Terence

Illustrated notes

Levels and vault maps discovered:
D:1:      onia_arrival_zoo_common, layout_basic, basic_ecumenical_altar,
          minmay_misc_feat_plants, minivault_26, minmay_heptomino_h4
D:2:      minmay_recursive_quarters, layout_loops_ring, uniq_sigmund,
          uniq_crazy_yiuf_cottage, uniq_terence

Skill      XL: |  1  2  3 |
---------------+----------+-----
Invocations    | 1 |  1.0
Fighting       | |  6.5
Short Blades   | |  0.8
Long Blades    | |  0.8
Axes           | |  0.8
Maces & Flails | |  0.8
Polearms       | |  2.6
Staves         | |  0.8
Slings         | |  0.8
Bows           | |  0.8
Crossbows      | |  0.8
Throwing       | |  0.8
Armour         | |  0.8
Dodging        | |  2.6
Stealth        | |  0.8
Shields        | |  2.6
Unarmed Combat | |  0.8
Spellcasting   | |  0.8
Conjurations   | |  0.5
Hexes          | |  0.5
Summonings     | |  0.5
Necromancy     | |  0.5
Translocations | |  0.5
Transmutations | |  0.5
Fire Magic     | |  0.5
Ice Magic      | |  0.5
Air Magic      | |  0.5
Earth Magic    | |  5.4
Poison Magic   | |  0.5
Evocations     | |  2.6

Action                   || total
-------------------------++-------
Melee: Dagger            ||   119
       Bite              ||    20
       Whip              ||   113
       Punch             ||     1
Invok: Heroism           ||     3
  Use: Potion            ||     4
 Stab: Sleeping          ||     1
Armor: Robe              ||    39
       Skin              ||    22
       Leather armour    ||     3
Dodge: Dodged            ||   157

Table legend: (Time is in decaauts)
 A = Elapsed time spent in this place.
 B = Non-inter-level travel time spent in this place.
 C = Inter-level travel time spent in this place.
 D = Time resting spent in this place.
 E = Time spent auto-exploring this place.
 F = Levels seen in this place.
 G = Mean time per level.
                   A        B        C        D        E       F      G
               +--------+--------+--------+--------+--------+-----+--------+
         Total |   2411 |   2209 |    202 |    676 |    944 |   2 | 1205.5 |
       Dungeon |   2411 |   2209 |    202 |    676 |    944 |   2 | 1205.5 |
               +--------+--------+--------+--------+--------+-----+--------+

Top non-repeatable levels by time:
     D:1: 2397 daAuts
     D:2: 14 daAuts
